 Dungeon Crawl Stone Soup version 0.20.0-8-g6b59dc7 (webtiles) character file.

562989 MDvedh the Executioner (level 24, -15/237 HPs)
             Began as a Minotaur Summoner on June 1, 2017.
             Was an Elder of Jiyva.
             Killed from afar by a deep elf high priest (39 damage)
             ... with damnation
             ... summoned by an infernal corrupter
             ... on level 3 of the Realm of Zot.
             The game lasted 02:10:39 (52163 turns).

MDvedh the Executioner (Minotaur Summoner)         Turns: 52163, Time: 02:10:39

Health: -15/237    AC: 45    Str: 29    XL:     24   Next: 83%
Magic:  19/19      EV: 29    Int: 10    God:    Jiyva [****..]
Gold:   1414       SH: 19    Dex: 15    Spells: 24/25 levels left

rFire    + + +     SeeInvis .   b - +9 broad axe (freeze)
rCold    + + .     Gourm    .   Y - +0 shield of Pessimism {MR+} (curse)
rNeg     . . .     Faith    .   S - +9 gold dragon scales
rPois    +         Spirit   .   h - +2 hat
rElec    .         Reflect  +   U - scarf {rC+ rF+}
rCorr    +         Harm     .   o - +3 pair of gauntlets of War {Slay+5}
MR       ++++.     Clarity  +   M - +2 pair of boots {Stlth+} Stlth ..........Rnd*Tele +
                                E - +4 amulet of reflection
Regen    0.0/turn               J - +4 ring of evasion
MPRegen  0.2/turn               O - ring of protection from magic

@: mighty, agile, drained
A: retaliatory headbutt, hooves 1, horns 2, molten scales 2, slimy green scales
1, [blurry vision 2], clarity, [deterioration 2], fire resistance 2, [low mp 2],
magic resistance 1, inhibited regeneration, teleportitis 1, [weak 2], acidic
bite, gelatinous body 1, pseudopods 1, evolution 1, tendrils, no potion heal 1
0: Orb of Zot
}: 4/15 runes: barnacled, slimy, silver, gossamer
a: Request Jelly, Slimify, Renounce Religion


You were on level 3 of the Realm of Zot.
You worshipped Jiyva.
Jiyva was greatly pleased with you.
You were completely stuffed.

You visited 10 branches of the dungeon, and saw 53 of its levels.
You visited 1 ziggurat, and saw 4 of its levels.
You also visited: Desolation.

You collected 4263 gold pieces.
You spent 2849 gold pieces at shops.

Inventory:

Hand Weapons
 a - the +10 hand axe "Arbiter" {venom, Str-4 Dex+3 SInv}
   (You found it on level 11 of the Dungeon)

   It poisons the flesh of those it strikes.
   It affects your strength (-4).
   It affects your dexterity (+3).
   It lets you see invisible.
 b - a +9 broad axe of freezing (weapon)
Missiles
 d - 916 stones (quivered)
Armour
 h - a +2 hat (worn)
 o - the +3 pair of gauntlets of War (worn) {Slay+5}
   (You bought it in a shop on level 2 of the Orcish Mines)

   It affects your accuracy and damage with ranged weapons and melee attacks
   (+5).
 M - a +2 pair of boots of stealth (worn)
 S - +9 gold dragon scales (worn)
 U - a scarf of resistance (worn)
 Y - the cursed +0 shield of Pessimism (worn) {MR+}
   (You found it on level 5 of the Pits of Slime)

   It affects your resistance to hostile enchantments.
   It has a curse placed upon it.
Jewellery
 j - an uncursed ring of flight
 n - an uncursed ring of poison resistance
 x - an uncursed amulet of regeneration
 D - an uncursed ring of ice
 E - a +4 amulet of reflection (around neck)
 I - the ring of Beogh's Outrage {Str+2 Slay+3}
   (You bought it in a shop on level 7 of the Dungeon)

   [ring of strength]

   It affects your strength (+2).
   It affects your accuracy and damage with ranged weapons and melee attacks
   (+3).
 J - a +4 ring of evasion (left hand)
 O - a ring of protection from magic (right hand)
 R - an uncursed ring of protection from fire
Wands
 p - a wand of acid (10/15)
 P - a wand of polymorph (15/24)
 T - a wand of digging (1/24)
Scrolls
 e - 14 scrolls of identify
 g - 8 scrolls of amnesia
 i - 2 scrolls of enchant weapon
 k - 6 scrolls of recharging
 q - a scroll of silence
 u - 7 scrolls of teleportation
 C - a scroll of blinking
 K - 18 scrolls of remove curse
 Q - 8 scrolls of fog
 V - 4 scrolls of fear
Potions
 l - 7 potions of flight
 s - 2 potions of might
 t - 2 potions of agility
 v - 2 potions of lignification
 A - 4 potions of magic
 B - 6 potions of curing
 H - 4 potions of ambrosia
 L - a potion of cancellation
 N - 2 potions of resistance
Comestibles
 c - 5 bread rations
 f - 42 fruits
 m - 16 meat rations
 w - 32 royal jellies


   Skills:
 + Level 23.9(23.6) Fighting
 + Level 24.8(24.4) Axes
   Level 1.3(16.8) Maces & Flails
 + Level 24.1(23.8) Armour
 + Level 21.3(21.0) Dodging
 - Level 1.5(1.3) Stealth
 - Level 16.0(15.7) Shields
 - Level 1.3(1.2) Spellcasting
 - Level 2.9(2.7) Summonings


You had 24 spell levels left.
You knew the following spells:

 Your Spells              Type           Power        Failure   Level  Hunger
a - Summon Small Mammal   Summ           #...         63%         1    ##.....


Dungeon Overview and Level Annotations

Branches:
Dungeon (15/15)            Temple (0/1) D:4            Lair (6/6) D:11
 Shoals (4/4) Lair:2       Spider (4/4) Lair:2        Slime (5/5) Lair:5
    Orc (2/2) D:11            Elf (2/3) Orc:2        Vaults (5/5) D:14
  Crypt (0/3) Vaults:2     Depths (5/5) D:15            Zot (5/5) Depths:5

Altars:
Ashenzari
Cheibriados
Dithmenos
Elyvilon
Makhleb
Qazlal
Sif Muna
Trog
Uskayaw
Yredelemnul
The Shining One
Beogh
Jiyva

Shops:
D:7 *   D:10 ?%(?   D:11 ?   Orc:2 (:*[   Elf:1 :   Shoals:3 :([   Vaults:1 :
Vaults:2 }   Depths:1 *

Portals:
Hell: Depths:1 Depths:2 Depths:5

Annotations:
D:6 exclusion: 2 doors
D:8 exclusion: door
D:13 exclusion: obsidian statue
Lair:4 exclusion: oklob plant
Slime:5 Royal Jelly


Innate Abilities, Weirdness & Mutations

You reflexively headbutt those who attack you in melee.
You have a pair of horns on your head.
You have large cloven feet.
You are mostly covered in molten scales. (AC +3)
You are partially covered in slimy green scales. (AC +2)
You possess an exceptional clarity of mind.
Your flesh is very heat resistant. (rF++)
You are resistant to hostile enchantments. (MR+)
You do not regenerate when monsters are visible.
You are occasionally teleported next to monsters.
You have acidic saliva.
Your rubbery body absorbs attacks. (AC +1, EV +1)
Armour fits poorly on your pseudopods.
You evolve.
You are covered in slimy tendrils that may disarm your opponents.
Potions are less effective at restoring your health.
[Scrolls take you longer to read.]
[Your body often deteriorates upon taking damage.]
[Your magical capacity is very low. (-20% MP)]
[You are very weak. (Str -4)]


Message History

T - a wand of digging (2/24)
The deep elf high priest calls down the wrath of its god upon you.
Something smites you!
* * * LOW HITPOINT WARNING * * *
Unknown command.
Evoke which item? (* to show all) (? for menu, Esc to quit)
Aiming: Dig
Press: ? - help, Shift-Dir - straight line The rock shatters into small pieces.
This wand has 1 charge left.
The infernal corrupter utters an invocation to Lugonu.
Your vision blurs. x2; You feel yourself wasting away.
You feel your body start to fall apart.
The sphinx mumbles some strange words.
Something smites you!
* * * LOW HITPOINT WARNING * * *
The smoke demon gestures at you. The ball of steam hits you!
The deep elf high priest calls down the wrath of its god upon you.
The sphere of damnation explodes!
The damnation engulfs you!
You die...

..p####6## ..#
#.... .W ##H## .#
#..... . ##6## . #
#..... ##H## .2
....... ##e## 4..
.....## ...###.##
###3... ...##
.........###.§§....
.
##.......6..§X46...
#####....§@....4..
#####.##...... #.#
#...# #.# ### #.#
..# #.. .#


You could see a torturous warmonger, a sphinx, an Orb Guardian, a reaper
(wandering), an infernal corrupter, a torturous demonspawn, a deep elf high
priest, 3 hellwings and a smoke demon.

Vanquished Creatures
  2 orbs of fire (Zot:5)
  A juggernaut (Depths:5)
  A Killer Klown (Zot:5)
  A caustic shrike (Depths:3)
  5 golden dragons
  A bone dragon (Depths:5)
  An electric golem (Zot:5)
  A Tzitzimitl (Zot:3)
  11 tentacled monstrosities
  28 Orb Guardians
  A Hell Sentinel (Zot:3)
  7 acid blobs
  A quicksilver dragon (Zot:4)
  6 death cobs
  2 ancient champions (Zig:4)
  6 sphinxes
  5 shadow dragons
  7 storm dragons
  7 azure jellies
  Ilsuiw (Shoals:4)
  5 fire giants
  2 tengu reavers
  A deep elf sorcerer (Vaults:5)
  6 draconian monks
  3 draconian knights
  8 frost giants
  2 iron dragons
  Louise (D:13)
  2 orc warlords (Orc:2)
  7 ghost moths
  A draconian shifter (Zot:3)
  7 vault wardens
  4 draconian scorchers
  A warmonger (Zot:3)
  7 emperor scorpions
  7 very ugly things
  7 ironheart preservers
  5 draconian stormcallers
  15 stone giants
  6 entropy weavers
  A war gargoyle (Vaults:5)
  A draconian annihilator (Zot:3)
  6 green draconians
  A spriggan defender (Depths:3)
  5 black draconians
  2 vampire knights (Zig:4)
  A corrupter (Zot:3)
  5 white draconians
  3 deep elf demonologists (Elf:2)
  15 yellow draconians
  8 purple draconians
  A deep elf annihilator (Elf:1)
  6 red draconians
  3 spark wasps (Depths:1)
  Snorg (Lair:6)
  5 ettins
  A death ooze (Slime:4)
  A ragged hierophant (Desolation)
  3 merfolk javelineers
  A crystal guardian (Desolation)
  A deep elf death mage (Vaults:4)
  Harold (Orc:1)
  10 merfolk impalers
  5 fire dragons
  6 jiangshi
  2 great orbs of eyes (Slime:2)
  8 rakshasas
  36 vault guards
  10 ice dragons
  A peacekeeper (Vaults:2)
  2 servants of whispers
  2 hell beasts
  A spriggan air mage (Depths:3)
  An alligator snapping turtle (Shoals:2)
  2 merfolk avatars
  8 hydras
  13 yaktaur captains
  Erica (Orc:1)
  A catoblepas (Lair:6)
  9 death knights
  7 centaur warriors
  27 two-headed ogres
  5 merfolk aquamancers
  2 tengu warriors
  26 dancing weapons
  7 ogre magi
  A queen ant (shapeshifter) (D:15)
  6 deep troll shamans
  10 death yaks
  A two-headed ogre (shapeshifter) (D:15)
  3 spriggan berserkers
  3 vampire magi
  A queen ant (Spider:4)
  2 sun demons (Zot:3)
  6 deep troll earth magi
  An orc high priest (Orc:2)
  A soul eater (Zot:3)
  21 deep elf knights
  5 hell knights (Depths:4)
  Nergalle (D:11)
  2 iron trolls (Depths:2)
  A sixfirhy (Zot:3)
  2 salamander mystics (Depths:3)
  A shadow demon (Zot:3)
  A shadow wraith (Vaults:3)
  6 skeletal warriors (Vaults:2)
  An unseen horror (Vaults:1)
  4 wizards
  A torturous demonspawn (Zot:3)
  2 flayed ghosts (Vaults:3)
  14 deep trolls
  A lindwurm (shapeshifter) (Depths:3)
  10 sea snakes
  16 deep elf archers
  2 lindwurms (D:13)
  A glowing orange brain (Slime:5)
  14 ironbrand convokers
  2 necromancers
  32 harpies
  2 phantasmal warriors
  52 deep elf magi
  5 orc sorcerers
  21 orc knights
  8 wolf spider zombies (Spider:1)
  7 oklob plants
  9 fauns (Shoals:2)
  5 shining eyes
  5 orb spiders
  31 ugly things
  10 manticores
  8 cyclopes
  18 wolf spiders
  A toenail golem (Zot:4)
  6 water nymphs
  A guardian serpent (shapeshifter) (Vaults:1)
  5 salamanders (Depths:3)
  11 moths of wrath
  12 vault sentinels
  2 guardian serpents (Desolation)
  8 elephants
  6 black mambas
  A molten gargoyle (Lair:5)
  A rust devil (Zot:3)
  6 merfolk sirens
  An eye of devastation (Slime:3)
  Joseph (D:10)
  Maurice (D:8)
  2 orange demons (Zot:3)
  11 komodo dragons
  9 spiny frogs
  A komodo dragon (shapeshifter) (Zig:2)
  3 kobold demonologists
  5 redback zombies (Spider:1)
  4 rime drakes
  A tormentor (Zot:3)
  37 yaktaurs
  3 demonic crawlers
  3 hellwings (Zot:3)
  An ice devil (Zot:3)
  A yaktaur (shapeshifter) (D:15)
  A tengu conjurer (Depths:3)
  12 trolls
  3 polar bears
  A queen bee (shapeshifter) (Elf:2)
  11 freezing wraiths
  22 jumping spiders
  14 merfolk
  A tyrant leech (D:13)
  16 saltlings
  9 hornets
  76 slime creatures
  2 wind drakes
  A polar bear (shapeshifter) (D:15)
  A meliai zombie (D:13)
  13 hippogriffs
  7 dream sheep
  32 blink frogs
  3 snapping turtles
  9 tarantella zombies (Spider:1)
  4 air elementals
  A stone giant simulacrum (Vaults:2)
  Sigmund (D:2)
  38 redbacks
  A shadow (D:15)
  17 water elementals
  A spriggan (Depths:3)
  21 tarantellas
  A ynoxinul (Zot:3)
  4 fire elementals
  30 yaks
  8 wraiths
  A basilisk (shapeshifter) (Vaults:1)
  3 wyverns
  Grum (D:11)
  8 basilisks
  9 vampire mosquitoes
  2 hungry ghosts
  2 golden eyes (Slime:4)
  A human simulacrum (Vaults:3)
  A neqoxec (Zot:3)
  8 wargs
  Edmund (D:6)
  An acid dragon (D:15)
  24 soldier ants
  A water moccasin (shapeshifter) (D:12)
  2 hell hounds (D:13)
  17 water moccasins
  12 porcupines
  6 ice beasts
  An ice beast (shapeshifter) (Vaults:4)
  3 sky beasts
  62 orc warriors
  3 black bears
  An eye of draining (shapeshifter) (D:13)
  2 phantoms
  4 eyes of draining
  A necrophage (D:8)
  16 boggarts
  19 ogres
  11 centaurs
  10 crocodiles
  15 wolves
  17 bullfrogs
  9 big kobolds
  The ghost of Goblin1989 the Covert, an amateur SpAs (D:9)
  2 earth elementals (Elf:2)
  The ghost of bobbobbob the Sneak, an amateur SpEn (D:3)
  Blork the orc (Orc:2)
  5 scorpions
  11 killer bees
  11 wights
  A howler monkey (D:5)
  3 electric eels (Lair:6)
  8 crimson imps
  4 bullfrog zombies
  6 centaur zombies
  5 lava snakes (Lair:5)
  3 quasits (D:13)
  3 bullfrog skeletons
  6 hounds
  4 human zombies (D:8)
  A hound (shapeshifter) (Vaults:2)
  36 orc wizards
  6 centaur skeletons
  2 iron imps
  10 jellies
  33 orc priests
  6 iguanas
  A human skeleton (D:8)
  27 worker ants
  3 mummies (D:8)
  A hound skeleton (D:4)
  A worker ant zombie (D:7)
  14 adders
  11 gnolls
  A howler monkey skeleton (D:11)
  6 shadow imps
  An ufetubus (Zot:3)
  13 oozes
  3 adder skeletons
  3 adder zombies
  11 worms
  2 dart slugs (D:1)
  2 leopard geckos (D:1)
  166 orcs
  4 ball pythons
  7 bats
  9 giant cockroaches
  8 goblins
  9 hobgoblins
  18 jackals
  15 kobolds
  4 quokkas
  2 ball python skeletons (D:4)
  6 frilled lizards
  A giant cockroach zombie (D:6)
  A leopard gecko skeleton (D:3)
  2 orc zombies (D:8)
  A quokka skeleton (D:4)
  17 rats
  3 fungi
  12 plants
2145 creatures vanquished.

Vanquished Creatures (others)
  10 acid blobs
  A draconian annihilator (Zot:5)
  A very ugly thing (Vaults:5)
  A purple draconian (Zot:5)
  2 yellow draconians
  4 great orbs of eyes
  8 death oozes
  An ogre mage (Vaults:3)
  2 glowing orange brains (Slime:5)
  An orb spider (Spider:2)
  A wolf spider zombie (Spider:1)
  A shining eye (Slime:5)
  A deep elf mage (Elf:2)
  A cyclops (Vaults:2)
  A moth of wrath (Zot:5)
  A faun (shapeshifter) (Vaults:5)
  2 yaktaurs
  A wind drake (shapeshifter) (Depths:1)
  30 slime creatures
  A water elemental (Depths:1)
  A redback (Spider:4)
  A hungry ghost (Shoals:3)
  A water moccasin (Lair:5)
  A floating eye (Depths:3)
  4 eyes of draining (Slime:5)
  An ogre (Vaults:3)
  2 boggarts
  177 jellies
  An adder (D:11)
  A white imp (Zot:5)
  An ufetubus (Zot:3)
  2 orcs
  2 bushes (D:13)
  22 fungi
  73 plants
361 creatures vanquished.

Grand Total: 2506 creatures vanquished

Notes
Turn   | Place    | Note
-------+----------+-------------------------------------------
     0 | D:1      | MDvedh the Minotaur Summoner began the quest for the Orb.
     0 | D:1      | Reached XP level 1. HP: 14/14 MP: 1/1
   112 | D:1      | Reached skill level 1 in Fighting
   112 | D:1      | Reached skill level 1 in Armour
   132 | D:1      | Reached XP level 2. HP: 11/23 MP: 3/3
   557 | D:1      | Reached XP level 3. HP: 11/29 MP: 4/4
   837 | D:1      | Reached skill level 1 in Maces & Flails
  1534 | D:2      | Reached skill level 1 in Axes
  1719 | D:2      | Reached XP level 4. HP: 19/37 MP: 5/5
  1983 | D:2      | Noticed Sigmund
  1985 | D:2      | Found a shadowy altar of Dithmenos.
  2008 | D:2      | Killed Sigmund
  2008 | D:2      | Reached skill level 5 in Axes
  2008 | D:2      | Reached XP level 5. HP: 17/42 MP: 6/6
  2741 | D:3      | Reached XP level 6. HP: 34/50 MP: 7/7
  3201 | D:3      | Noticed bobbobbob's ghost (amateur SpEn)
  3212 | D:3      | Killed bobbobbob's ghost
  3722 | D:4      | Reached XP level 7. HP: 55/56 MP: 8/8
  3950 | D:4      | Found a stormy altar of Qazlal.
  3987 | D:4      | Found a glowing golden altar of the Shining One.
  3987 | D:4      | Found a staircase to the Ecumenical Temple.
  4350 | D:5      | Entered Level 5 of the Dungeon
  4958 | D:5      | Reached skill level 10 in Axes
  4970 | D:5      | Noticed a hippogriff
  5064 | D:5      | Reached XP level 8. HP: 46/62 MP: 9/9
  5143 | D:5      | Killed a hippogriff
  5619 | D:6      | Noticed Edmund
  5639 | D:6      | Killed Edmund
  5748 | D:6      | Noticed a two-headed ogre
  5760 | D:6      | Killed a two-headed ogre
  5760 | D:6      | Reached XP level 9. HP: 17/68 MP: 10/10
  6616 | D:7      | Found Tuegon's Assorted Antiques.
  6627 | D:7      | Bought an ancient ivory ring for 95 gold pieces
  6627 | D:7      | Bought 2 scrolls of teleportation for 114 gold pieces
  6845 | D:7      | Reached skill level 15 in Axes
  7087 | D:7      | Reached XP level 10. HP: 51/74 MP: 11/11
  7151 | D:7      | Identified the ring of Beogh's Outrage {Str+2 Slay+3} (You bought it in a shop on level 7 of the Dungeon)
  7208 | D:7      | Found a deep blue altar of Sif Muna.
  7504 | D:8      | Found a hide-covered altar of Uskayaw.
  7504 | D:8      | Found a white marble altar of Elyvilon.
  7505 | D:8      | Found a burning altar of Makhleb.
  7587 | D:8      | Noticed Maurice
  7634 | D:8      | Killed Maurice
  7735 | D:8      | Found a shattered altar of Ashenzari.
  7756 | D:8      | Found a deep blue altar of Sif Muna.
  7771 | D:8      | Paralysed by a hornet for 1 turns
  8055 | D:8      | Found a bloodstained altar of Trog.
  8136 | D:8      | Found a basalt altar of Yredelemnul.
  8350 | D:9      | Noticed Goblin1989's ghost (amateur SpAs)
  8357 | D:9      | Killed Goblin1989's ghost
  9059 | D:9      | Noticed a two-headed ogre
  9069 | D:9      | Killed a two-headed ogre
  9069 | D:9      | Reached skill level 5 in Fighting
  9069 | D:9      | Reached skill level 5 in Armour
  9506 | D:10     | Entered Level 10 of the Dungeon
  9776 | D:10     | Found Wesoplax's Magic Scroll Boutique.
  9799 | D:10     | Bought a scroll of remove curse for 42 gold pieces
  9799 | D:10     | Bought a scroll of identify for 28 gold pieces
  9799 | D:10     | Bought a scroll of identify for 28 gold pieces
  9799 | D:10     | Bought a scroll of teleportation for 42 gold pieces
  9799 | D:10     | Bought a scroll of identify for 28 gold pieces
  9799 | D:10     | Bought a scroll of identify for 28 gold pieces
  9799 | D:10     | Bought a scroll of enchant weapon for 105 gold pieces
  9799 | D:10     | Bought a scroll of identify for 28 gold pieces
  9799 | D:10     | Bought a scroll of immolation for 49 gold pieces
  9799 | D:10     | Bought 2 scrolls of identify for 56 gold pieces
  9811 | D:10     | Found Githafoi's Food Emporium.
  9837 | D:10     | Found Eperew's Weapon Boutique.
  9867 | D:10     | Gained mutation: You are dopey. (Int -2) [potion of mutation]
  9867 | D:10     | Gained mutation: You occasionally shout uncontrollably at your foes. [potion of mutation]
  9867 | D:10     | Gained mutation: You possess an exceptional clarity of mind. [potion of mutation]
  9918 | D:10     | Noticed Joseph
  9930 | D:10     | Killed Joseph
  9930 | D:10     | Reached XP level 11. HP: 78/91 MP: 12/12
 10100 | D:10     | Found Papnyr's Magic Scroll Shop.
 11016 | D:11     | Noticed a two-headed ogre
 11024 | D:11     | Killed a two-headed ogre
 11032 | D:11     | Noticed Nergalle
 11065 | D:11     | Noticed a spectral orc warlord
 11070 | D:11     | Noticed a spectral orc warlord
 11072 | D:11     | Killed Nergalle
 11117 | D:11     | Found Toila's Magic Scroll Shoppe.
 11122 | D:11     | Bought a scroll of teleportation for 45 gold pieces
 11189 | D:11     | Noticed Grum
 11204 | D:11     | Killed Grum
 11219 | D:11     | Found a staircase to the Lair.
 11870 | D:11     | Found a staircase to the Orcish Mines.
 11893 | D:11     | Reached skill level 10 in Fighting
 12033 | D:11     | Got a translucent hand axe
 12034 | D:11     | Identified the +10 hand axe "Arbiter" {venom, Str-4 Dex+3 SInv} (You found it on level 11 of the Dungeon)
 12094 | Lair:1   | Entered Level 1 of the Lair of Beasts
 12117 | Lair:1   | Reached skill level 10 in Armour
 12366 | Lair:1   | Reached XP level 12. HP: 101/107 MP: 13/13
 12578 | Lair:1   | Noticed a five-headed hydra
 12590 | Lair:1   | Killed a five-headed hydra
 12635 | Lair:1   | Noticed a four-headed hydra
 12650 | Lair:1   | Killed a four-headed hydra
 12843 | Lair:2   | Reached skill level 5 in Dodging
 12962 | Lair:2   | Found a hole to the Spider Nest.
 13249 | Lair:2   | Found a staircase to the Shoals.
 13944 | Lair:3   | Noticed a four-headed hydra
 13955 | Lair:3   | Killed a four-headed hydra
 14868 | Lair:4   | Reached XP level 13. HP: 73/119 MP: 14/14
 15876 | Lair:5   | Found a staircase to the Slime Pits.
 16739 | Lair:6   | Entered Level 6 of the Lair of Beasts
 16949 | Lair:6   | Noticed Snorg
 17573 | Lair:6   | Killed Snorg
 17573 | Lair:6   | Reached skill level 10 in Dodging
 18275 | Lair:6   | Reached XP level 14. HP: 117/132 MP: 15/15
 19617 | Orc:1    | Entered Level 1 of the Orcish Mines
 20478 | Orc:1    | Noticed Erica
 20484 | Orc:1    | Killed Erica
 20769 | Orc:1    | Noticed Harold
 20781 | Orc:1    | Killed Harold
 21338 | Orc:2    | Entered Level 2 of the Orcish Mines
 21339 | Orc:2    | Identified a scroll of acquirement
 21401 | Orc:2    | Reached skill level 15 in Armour
 21972 | Orc:2    | Paralysed by an orc sorcerer for 3 turns
 21984 | Orc:2    | Reached skill level 15 in Fighting
 22362 | Orc:2    | Noticed Blork the orc
 22376 | Orc:2    | Killed Blork the orc
 22378 | Orc:2    | Found a roughly hewn altar of Beogh.
 22476 | Orc:2    | Noticed an orc warlord
 22511 | Orc:2    | Killed an orc warlord
 22833 | Orc:2    | Found Joynet's General Store.
 22851 | Orc:2    | Found Donudot's Antique Weapon Shop.
 22866 | Orc:2    | Found a staircase to the Elven Halls.
 22878 | Orc:2    | Noticed an orc warlord
 22896 | Orc:2    | Killed an orc warlord
 23040 | Orc:2    | Found Xecounny's Book Shop.
 23118 | Orc:2    | Found Minookk's Antique Armour Shop.
 23124 | Orc:2    | Bought the +3 pair of gauntlets of War {Slay+5} for 1187 gold pieces
 23534 | D:12     | Lost mutation: You occasionally shout uncontrollably at your foes. [mutagenic meat]
 23535 | D:12     | Gained mutation: You passively map a small area around you. [mutagenic meat]
 23536 | D:12     | Gained mutation: [Scrolls take you a little longer to read.] [mutagenic meat]
 23537 | D:12     | Gained mutation: You have a pair of large horns on your head. [mutagenic meat]
 23538 | D:12     | Gained mutation: Your flesh is heat resistant. (rF+) [mutagenic meat]
 23539 | D:12     | Lost mutation: [Scrolls take you a little longer to read.] [potion of mutation]
 23539 | D:12     | Lost mutation: You are dopey. (Int -2) [potion of mutation]
 23539 | D:12     | Lost mutation: You have a pair of large horns on your head. [potion of mutation]
 23539 | D:12     | Lost mutation: You possess an exceptional clarity of mind. [potion of mutation]
 23539 | D:12     | Lost mutation: You passively map a small area around you. [potion of mutation]
 23539 | D:12     | Gained mutation: You are partially covered in molten scales. (AC +2) [potion of mutation]
 23539 | D:12     | Gained mutation: You are resistant to hostile enchantments. (MR+) [potion of mutation]
 23572 | D:12     | Found a snail-covered altar of Cheibriados.
 23853 | D:12     | You fall through a shaft!
 24355 | D:13     | Reached XP level 15. HP: 141/141 MP: 16/16
 24626 | D:13     | Gained mutation: You occasionally shout uncontrollably at your foes. [mutagenic meat]
 24627 | D:13     | Gained mutation: You are mostly covered in molten scales. (AC +3) [mutagenic meat]
 24628 | D:13     | Gained mutation: You are robust. (+10% HP) [mutagenic meat]
 25080 | D:14     | Found a gate to the Vaults.
 25094 | D:14     | Noticed Louise
 25217 | D:13     | Killed Louise
 25862 | D:15     | Entered Level 15 of the Dungeon
 26970 | D:15     | Found a staircase to the Depths.
 27001 | D:15     | Noticed a storm dragon
 27001 | D:15     | an ice dragon changed into a storm dragon
 27007 | D:15     | a storm dragon changed into a death yak
 27765 | Orc:2    | Bought a scarf of resistance for 416 gold pieces
 27765 | Orc:2    | Bought a potion of might for 52 gold pieces
 27765 | Orc:2    | Bought a potion of might for 52 gold pieces
 27801 | Elf:1    | Entered Level 1 of the Elven Halls
 27808 | Elf:1    | Reached XP level 16. HP: 157/167 MP: 17/17
 27984 | Elf:1    | Found Ithixak's Book Shop.
 28816 | Elf:2    | Found a deep blue altar of Sif Muna.
 29119 | Elf:2    | Noticed a Tzitzimitl
 30079 | Elf:2    | Found a runed gate.
 30079 | Elf:2    | Found a runed gate.
 30079 | Elf:2    | Found a runed gate.
 30798 | Elf:2    | Reached XP level 17. HP: 177/178 MP: 18/18
 31799 | Slime:1  | Entered Level 1 of the Pits of Slime
 31799 | Slime:1  | Noticed an acid blob
 31899 | Lair:5   | Killed an acid blob
 31933 | Slime:1  | Gained mutation: [Your magical capacity is low. (-10% MP)] [a shining eye]
 31940 | Slime:1  | Noticed an acid blob
 32063 | Slime:1  | Killed an acid blob
 32122 | Slime:1  | Noticed an acid blob
 32144 | Slime:1  | Killed an acid blob
 32493 | Slime:2  | Reached skill level 15 in Dodging
 32594 | Slime:2  | Reached skill level 1 in Shields
 32676 | Slime:2  | Noticed an acid blob
 32687 | Slime:2  | Killed an acid blob
 32967 | Slime:3  | Noticed an acid blob
 32979 | Slime:2  | Killed an acid blob
 32979 | Slime:2  | Reached skill level 5 in Shields
 33603 | Slime:2  | Noticed an acid blob
 33603 | Slime:2  | Gained mutation: You are dopey. (Int -2) [a shining eye]
 33608 | Slime:3  | Killed an acid blob
 33646 | Slime:2  | Gained mutation: You are very dopey. (Int -4) [a shining eye]
 33651 | Slime:2  | Gained mutation: You do not regenerate when monsters are visible. [a shining eye]
 33659 | Slime:2  | Noticed an acid blob
 33726 | Slime:2  | Killed an acid blob
 33946 | Slime:3  | Noticed an acid blob
 33965 | Slime:4  | Reached skill level 10 in Shields
 34019 | Slime:4  | Lost mutation: You are robust. (+10% HP) [a shining eye]
 34029 | Slime:4  | Gained mutation: You sometimes yell uncontrollably at your foes. [a shining eye]
 34039 | Slime:4  | Lost mutation: [Your magical capacity is low. (-10% MP)] [potion of mutation]
 34039 | Slime:4  | Lost mutation: You sometimes yell uncontrollably at your foes. [potion of mutation]
 34039 | Slime:4  | Gained mutation: [Your magical capacity is low. (-10% MP)] [potion of mutation]
 34039 | Slime:4  | Gained mutation: You are partially covered in large bone plates. (SH +4) [potion of mutation]
 34040 | Slime:4  | Lost mutation: You are resistant to hostile enchantments. (MR+) [potion of mutation]
 34040 | Slime:4  | Lost mutation: You do not regenerate when monsters are visible. [potion of mutation]
 34040 | Slime:4  | Lost mutation: You are very dopey. (Int -4) [potion of mutation]
 34040 | Slime:4  | Gained mutation: Your flesh is cold resistant. (rC+) [potion of mutation]
 34040 | Slime:4  | Gained mutation: Your flesh is very heat resistant. (rF++) [potion of mutation]
 34079 | Slime:4  | Gained mutation: [Your magical capacity is very low. (-20% MP)] [a shining eye]
 34082 | Slime:4  | Gained mutation: You are very dopey. (Int -4) [a shining eye]
 34085 | Slime:4  | Gained mutation: [You are weak. (Str -2)] [a shining eye]
 34089 | Slime:4  | Gained mutation: You are clumsy. (Dex -2) [a shining eye]
 34535 | Slime:5  | Entered Level 5 of the Pits of Slime
 34558 | Slime:5  | Noticed an acid blob
 34568 | Slime:5  | Noticed an acid blob
 34569 | Slime:5  | Noticed the Royal Jelly
 34665 | Slime:5  | Noticed an acid blob
 34670 | Slime:5  | Noticed an acid blob
 34671 | Slime:5  | Found a viscous altar of Jiyva.
 34671 | Slime:5  | Gained mutation: You do not regenerate when monsters are visible. [a shining eye]
 34672 | Slime:5  | Noticed an acid blob
 34675 | Slime:5  | Gained mutation: You are very clumsy. (Dex -4) [a shining eye]
 34679 | Slime:5  | Became a worshipper of Jiyva Jiuzyoti the Shapeless
 34681 | Slime:5  | Noticed an acid blob
 34818 | Lair:5   | You fall through a shaft!
 35151 | Spider:1 | Entered Level 1 of the Spider Nest
 35209 | Spider:1 | Reached XP level 18. HP: 112/171 MP: 15/15
 35311 | Spider:1 | Lost mutation: [Your magical capacity is very low. (-20% MP)] [potion of mutation]
 35311 | Spider:1 | Lost mutation: You occasionally shout uncontrollably at your foes. [potion of mutation]
 35311 | Spider:1 | Lost mutation: You are very clumsy. (Dex -4) [potion of mutation]
 35311 | Spider:1 | Gained mutation: You are robust. (+10% HP) [potion of mutation]
 35312 | Spider:1 | Lost mutation: You are very dopey. (Int -4) [potion of mutation]
 35312 | Spider:1 | Lost mutation: Your flesh is very heat resistant. (rF++) [potion of mutation]
 35312 | Spider:1 | Lost mutation: You are robust. (+10% HP) [potion of mutation]
 35312 | Spider:1 | Gained mutation: [Your magical capacity is very low. (-20% MP)] [potion of mutation]
 35312 | Spider:1 | Gained mutation: You possess an exceptional clarity of mind. [potion of mutation]
 35675 | Spider:2 | Reached * piety under Jiyva
 35901 | Spider:2 | Gained mutation: [Scrolls take you a little longer to read.] [mutagenic meat]
 36098 | Orc:2    | Reached ** piety under Jiyva
 36136 | D:11     | Reached *** piety under Jiyva
 36139 | D:11     | Gained mutation: Your rubbery body absorbs attacks. (AC +1, EV +1) [Jiyva's grace]
 36329 | D:11     | Reached **** piety under Jiyva
 36357 | Orc:2    | Gained mutation: Your translucent skin slightly reduces your foes' accuracy. (Stealth) [Jiyva's grace]
 36359 | Orc:2    | Reached ***** piety under Jiyva
 36361 | Orc:2    | Lost mutation: [You are weak. (Str -2)] [Jiyva's grace]
 36369 | Orc:2    | Lost mutation: You are clumsy. (Dex -2) [Jiyva's grace]
 36402 | Orc:2    | Reached ****** piety under Jiyva
 36421 | Orc:2    | Lost mutation: Your rubbery body absorbs attacks. (AC +1, EV +1) [Jiyva's grace]
 36675 | Slime:5  | Lost mutation: [Your magical capacity is very low. (-20% MP)] [Jiyva's grace]
 36683 | Slime:5  | Gained mutation: You are covered in slimy tendrils that may disarm your opponents. [Jiyva's grace]
 36691 | Slime:5  | Lost mutation: [Your magical capacity is low. (-10% MP)] [Jiyva's grace]
 36693 | Slime:5  | Got a flickering pewter ring
 36712 | Slime:5  | Lost mutation: You are covered in slimy tendrils that may disarm your opponents. [Jiyva's grace]
 36725 | Slime:5  | Got a faintly glowing shield
 36729 | Slime:5  | Got a fine steel ring
 36739 | Slime:5  | Got a slimy rune of Zot
 36748 | Slime:5  | Identified Taentem's Disquisition on Assistive Battle Magic
 36764 | Slime:5  | Identified the cursed +0 shield of Pessimism {MR+} (You found it on level 5 of the Pits of Slime)
 36778 | Slime:5  | Identified the ring of Zuijiam {Ice *Slow Str-5 Dex+6 SInv} (You found it on level 5 of the Pits of Slime)
 36780 | Slime:5  | Identified the ring of Levity {+Blink MR- Str+8 Int+2 Stlth-} (You found it on level 5 of the Pits of Slime)
 37052 | D:10     | Bought a scroll of teleportation for 33 gold pieces
 37052 | D:10     | Bought a scroll of magic mapping for 38 gold pieces
 37052 | D:10     | Bought a scroll of enchant weapon for 82 gold pieces
 37052 | D:10     | Bought a scroll of silence for 82 gold pieces
 37052 | D:10     | Bought a scroll of teleportation for 33 gold pieces
 37052 | D:10     | Bought a scroll of identify for 22 gold pieces
 37052 | D:10     | Bought a scroll of torment for 82 gold pieces
 37052 | D:10     | Bought a scroll of enchant weapon for 82 gold pieces
 37054 | D:10     | Lost mutation: You do not regenerate when monsters are visible. [Jiyva's power]
 37055 | D:10     | Lost mutation: You are dopey. (Int -2) [Jiyva's power]
 37056 | D:10     | Lost mutation: [Scrolls take you a little longer to read.] [Jiyva's power]
 37629 | Spider:3 | Gained mutation: You are resistant to hostile enchantments. (MR+) [Jiyva's grace]
 37793 | Spider:4 | Entered Level 4 of the Spider Nest
 38373 | Spider:4 | Reached skill level 15 in Shields
 38399 | Spider:4 | Lost mutation: Your flesh is cold resistant. (rC+) [Jiyva's grace]
 38511 | Spider:4 | Gained mutation: You have supernaturally acute eyesight. (SInv) [Jiyva's grace]
 38737 | Spider:4 | Got a gossamer rune of Zot
 38922 | Shoals:1 | Entered Level 1 of the Shoals
 39242 | D:13     | Lost mutation: You are resistant to hostile enchantments. (MR+) [Jiyva's grace]
 39555 | Shoals:2 | Lost mutation: You possess an exceptional clarity of mind. [Jiyva's grace]
 39652 | Shoals:2 | Lost mutation: You have supernaturally acute eyesight. (SInv) [Jiyva's grace]
 39721 | Shoals:2 | Reached XP level 19. HP: 167/179 MP: 20/20
 39734 | Shoals:2 | Lost mutation: Your flesh is heat resistant. (rF+) [Jiyva's grace]
 40070 | Shoals:2 | Lost mutation: You are mostly covered in molten scales. (AC +3) [Jiyva's grace]
 40163 | Shoals:3 | Found Obriblig's Book Boutique.
 40212 | Shoals:3 | Found Gutous's Weapon Shop.
 40346 | Shoals:3 | Gained mutation: You are agile. (Dex +2) [Jiyva's grace]
 40347 | Shoals:3 | Found Katzag's Armour Boutique.
 40571 | Shoals:4 | Entered Level 4 of the Shoals
 40983 | Shoals:4 | Got a barnacled rune of Zot
 41065 | Shoals:4 | Gained mutation: You have acidic saliva. [Jiyva's grace]
 41091 | Shoals:4 | Noticed Ilsuiw
 41112 | Shoals:4 | Killed Ilsuiw
 41121 | Shoals:4 | Lost mutation: Your translucent skin slightly reduces your foes' accuracy. (Stealth) [Jiyva's grace]
 41341 | Vaults:1 | Entered Level 1 of the Vaults
 41752 | Vaults:1 | Lost mutation: You are agile. (Dex +2) [Jiyva's grace]
 41859 | Vaults:1 | Gained mutation: You tend to lose your temper in combat. [Jiyva's grace]
 41869 | Vaults:1 | Lost mutation: You tend to lose your temper in combat. [Jiyva's grace]
 42086 | Vaults:1 | Found Wauk's Book Shop.
 42857 | Vaults:2 | Gained mutation: You are agile. (Dex +2) [Jiyva's grace]
 42859 | Vaults:2 | Found a ruined gateway.
 42942 | Vaults:2 | Gained mutation: Potions are less effective at restoring your health. [Jiyva's grace]
 42948 | Desolati | Entered the Desolation of Salt
 43110 | Vaults:2 | Gained mutation: You have very sharp teeth. [Jiyva's grace]
 43339 | Vaults:2 | Lost mutation: Potions are less effective at restoring your health. [Jiyva's power]
 43393 | Vaults:2 | Found a staircase to the Crypt.
 43403 | Vaults:2 | Reached XP level 20. HP: 86/191 MP: 21/21
 43605 | Vaults:2 | Gained mutation: You have a small jelly attached to you that may absorb incoming projectiles. [Jiyva's grace]
 43765 | Vaults:2 | Gained mutation: You are resistant to hostile enchantments. (MR+) [Jiyva's grace]
 43867 | Vaults:2 | Lost mutation: You have acidic saliva. [Jiyva's grace]
 43872 | Vaults:2 | Gained mutation: Your muscles are strong. (Str +2) [Jiyva's grace]
 44083 | Vaults:2 | Found Doisuug's Gadget Emporium.
 44245 | Vaults:3 | Got a translucent golden amulet
 44296 | Vaults:3 | Gained mutation: You have large cloven feet. [Jiyva's grace]
 44309 | Vaults:3 | Lost mutation: You are agile. (Dex +2) [Jiyva's grace]
 44411 | Vaults:3 | Gained mutation: You have acidic saliva. [Jiyva's grace]
 44540 | Vaults:3 | Gained mutation: Your body has grown golden eyes which may confuse attackers. (Acc +3) [Jiyva's grace]
 44652 | Vaults:3 | Got a pair of pitted gloves
 44663 | Vaults:3 | Identified the +0 pair of gloves of the Prince of Darkness {*Drain *Slow rElec rCorr} (You acquired it on level 3 of the Vaults)
 44737 | Vaults:3 | Lost mutation: You are resistant to hostile enchantments. (MR+) [Jiyva's grace]
 44779 | Vaults:3 | Gained mutation: You are covered in slimy tendrils that may disarm your opponents. [Jiyva's grace]
 44870 | Vaults:3 | Lost mutation: You have acidic saliva. [Jiyva's grace]
 44874 | Vaults:3 | Lost mutation: Your body has grown golden eyes which may confuse attackers. (Acc +3) [Jiyva's grace]
 44882 | Vaults:3 | Lost mutation: Your muscles are strong. (Str +2) [Jiyva's grace]
 44900 | Vaults:3 | Lost mutation: You are partially covered in large bone plates. (SH +4) [Jiyva's grace]
 44930 | Vaults:3 | Lost mutation: You are covered in slimy tendrils that may disarm your opponents. [potion of mutation]
 44930 | Vaults:3 | Lost mutation: You have large cloven feet. [potion of mutation]
 44930 | Vaults:3 | Lost mutation: You have a small jelly attached to you that may absorb incoming projectiles. [potion of mutation]
 44930 | Vaults:3 | Gained mutation: You possess an exceptional clarity of mind. [potion of mutation]
 44930 | Vaults:3 | Gained mutation: You are mostly covered in molten scales. (AC +3) [potion of mutation]
 44930 | Vaults:3 | Gained mutation: You are agile. (Dex +2) [potion of mutation]
 45123 | Vaults:3 | Gained mutation: You are partially covered in slimy green scales. (AC +2) [Jiyva's grace]
 45220 | Vaults:4 | Reached XP level 21. HP: 198/202 MP: 22/22
 45502 | Vaults:4 | Gained mutation: You are robust. (+10% HP) [Jiyva's grace]
 45508 | Vaults:4 | Gained mutation: Your spells are a little harder to cast, but a little more powerful. [Jiyva's grace]
 45684 | Vaults:4 | Gained mutation: You have large cloven feet. [Jiyva's grace]
 45787 | Vaults:4 | Gained mutation: Your muscles are strong. (Str +2) [Jiyva's grace]
 45986 | Vaults:4 | Gained mutation: Your mind is acute. (Int +2) [Jiyva's grace]
 46231 | Vaults:5 | Entered Level 5 of the Vaults
 46300 | Vaults:5 | Gained mutation: You are very robust. (+20% HP) [Jiyva's grace]
 46337 | Vaults:5 | Gained mutation: Your flesh is heat resistant. (rF+) [Jiyva's grace]
 46392 | Vaults:5 | Gained mutation: Your rubbery body absorbs attacks. (AC +1, EV +1) [Jiyva's grace]
 46404 | Vaults:5 | Noticed an ancient lich
 46410 | Vaults:5 | Slimified an ancient lich
 46410 | Vaults:5 | an ancient lich changed into a death ooze
 46482 | Vaults:5 | Got a silver rune of Zot
 46505 | Vaults:5 | Gained mutation: You are very agile. (Dex +4) [Jiyva's grace]
 46565 | Vaults:4 | Gained mutation: You have a small jelly attached to you that may absorb incoming projectiles. [Jiyva's grace]
 46567 | Vaults:4 | Lost mutation: You have a small jelly attached to you that may absorb incoming projectiles. [Jiyva's grace]
 46569 | Vaults:4 | Gained mutation: You have a pair of large horns on your head. [Jiyva's grace]
 46573 | Vaults:4 | Gained mutation: You have acidic saliva. [Jiyva's grace]
 46627 | Vaults:2 | Lost mutation: You have a pair of large horns on your head. [Jiyva's grace]
 46709 | Vaults:1 | Lost mutation: Your muscles are strong. (Str +2) [Jiyva's grace]
 46776 | Depths:1 | Entered Level 1 of the Depths
 46801 | Depths:1 | Found a gateway to Hell.
 46819 | Depths:1 | Lost mutation: You are very robust. (+20% HP) [Jiyva's grace]
 46968 | Depths:1 | Lost mutation: You have acidic saliva. [Jiyva's grace]
 47061 | Depths:1 | Found Yhamic's Assorted Antiques.
 47153 | Depths:1 | Gained mutation: You are covered in slimy tendrils that may disarm your opponents. [Jiyva's grace]
 47726 | Depths:1 | Lost mutation: Your spells are a little harder to cast, but a little more powerful. [Jiyva's grace]
 47760 | Depths:2 | Reached XP level 22. HP: 231/234 MP: 23/23
 47842 | Depths:2 | Identified the amulet of Kauplas {Inacc Dex+3} (You found it on level 3 of the Vaults)
 47869 | Depths:2 | Found a gateway to a ziggurat.
 47976 | Zig:1    | Entered Level 1 of a ziggurat
 48000 | Zig:2    | Entered Level 2 of a ziggurat
 48027 | Zig:3    | Entered Level 3 of a ziggurat
 48039 | Zig:4    | Entered Level 4 of a ziggurat
 48259 | Depths:2 | Gained mutation: Your body has grown golden eyes which may confuse attackers. (Acc +3) [Jiyva's grace]
 48633 | Depths:3 | Noticed a caustic shrike
 48644 | Depths:3 | Killed a caustic shrike
 48667 | Depths:3 | Gained mutation: Your pliable body absorbs attacks. (AC +2, EV +2) [Jiyva's grace]
 48697 | Depths:3 | Lost mutation: Your mind is acute. (Int +2) [Jiyva's grace]
 48796 | Depths:4 | Gained mutation: Your spells are a little harder to cast, but a little more powerful. [Jiyva's grace]
 48828 | Depths:4 | Gained mutation: Your flesh is very heat resistant. (rF++) [Jiyva's grace]
 48854 | Depths:5 | Entered Level 5 of the Depths
 48888 | Depths:5 | Noticed a juggernaut
 48900 | Depths:5 | Killed a juggernaut
 49219 | Depths:5 | Noticed a golden dragon
 49234 | Depths:5 | Killed a golden dragon
 49368 | Depths:5 | Found a gate to the Realm of Zot.
 49379 | Zot:1    | Entered Level 1 of the Realm of Zot
 49379 | Zot:1    | Noticed a golden dragon
 49388 | Zot:1    | Killed a golden dragon
 49464 | Zot:2    | Reached XP level 23. HP: 235/245 MP: 24/24
 49795 | Zot:3    | Lost mutation: You are very agile. (Dex +4) [Jiyva's grace]
 49807 | Zot:3    | Gained mutation: You evolve. [Jiyva's grace]
 49874 | Zot:3    | Lost mutation: You are agile. (Dex +2) [Jiyva's grace]
 49926 | Zot:3    | Gained mutation: Armour fits poorly on your pseudopods. [Jiyva's grace]
 50218 | Zot:5    | Entered Level 5 of the Realm of Zot
 50522 | Zot:5    | Noticed a curse toe
 50527 | Zot:5    | Slimified a curse toe
 50527 | Zot:5    | a curse toe changed into a death ooze
 50561 | Zot:5    | Lost mutation: You are robust. (+10% HP) [Jiyva's grace]
 50838 | Zot:5    | Noticed an ancient lich
 50844 | Zot:5    | Slimified an ancient lich
 50844 | Zot:5    | an ancient lich changed into a death ooze
 50846 | Zot:5    | Noticed an ancient lich
 50851 | Zot:5    | Slimified an ancient lich
 50851 | Zot:5    | an ancient lich changed into a death ooze
 50853 | Zot:5    | Noticed an ancient lich
 50910 | Zot:4    | Lost mutation: Your body has grown golden eyes which may confuse attackers. (Acc +3) [Jiyva's grace]
 51143 | Zot:4    | Reached XP level 24. HP: 224/235 MP: 24/24
 51149 | Zot:4    | Gained mutation: You have acidic saliva. [Jiyva's grace]
 51158 | Zot:5    | Slimified an ancient lich
 51158 | Zot:5    | an ancient lich changed into a death ooze
 51186 | Zot:5    | Noticed an ancient lich
 51190 | Zot:5    | Slimified an ancient lich
 51190 | Zot:5    | an ancient lich changed into a death ooze
 51194 | Zot:5    | Noticed an ancient lich
 51199 | Zot:5    | Slimified an ancient lich
 51199 | Zot:5    | an ancient lich changed into a death ooze
 51253 | Zot:5    | Noticed an orb of fire
 51268 | Zot:5    | Noticed an ancient lich
 51270 | Zot:5    | Killed an orb of fire
 51272 | Zot:5    | Slimified an ancient lich
 51291 | Zot:5    | Lost mutation: Your pliable body absorbs attacks. (AC +2, EV +2) [Jiyva's grace]
 51320 | Zot:5    | Noticed an orb of fire
 51326 | Zot:5    | Gained mutation: Armour fits poorly on your strangely shaped body. [an orb of fire]
 51331 | Zot:5    | Lost mutation: Your spells are a little harder to cast, but a little more powerful. [an orb of fire]
 51334 | Zot:5    | Killed an orb of fire
 51485 | Zot:5    | Got the Orb of Zot
 51573 | Zot:4    | Gained mutation: You are resistant to hostile enchantments. (MR+) [Jiyva's grace]
 52036 | Zot:3    | Noticed Safihep the pandemonium lord
 52038 | Zot:3    | Gained mutation: You are dopey. (Int -2) [a neqoxec]
 52079 | Zot:3    | Lost mutation: You have very sharp teeth. [a neqoxec]
 52127 | Zot:3    | Lost mutation: Armour fits poorly on your strangely shaped body. [Jiyva's power]
 52127 | Zot:3    | Gained mutation: You do not regenerate when monsters are visible. [a cacodemon]
 52128 | Zot:3    | Lost mutation: You are dopey. (Int -2) [Jiyva's power]
 52131 | Zot:3    | Gained mutation: You are occasionally teleported next to monsters. [a cacodemon]
 52155 | Zot:3    | Gained mutation: Potions are less effective at restoring your health. [a neqoxec]
 52163 | Zot:3    | Killed from afar by a deep elf high priest

Skill      XL: |  1  2  3  4  5  6  7  8  9 10 11 12 13 14 15 16 17 18 19 20 21 22 23 24 |
---------------+-------------------------------------------------------------------------+-----
Fighting       | 1 2 6 10 12 14 15 16 17 18 19 20 21 22 23 | 23.9
Armour         | 1 2 6 10 12 14 15 16 17 18 19 20 21 22 23 24 | 24.1
Maces & Flails | 1 |  1.3
Axes           | 2 5 7 10 13 15 16 17 18 19 20 21 22 23 24 | 24.8
Dodging        | 3 7 10 12 13 14 15 16 17 18 19 20 21 | 21.3
Shields        | 11 16 | 16.0
Stealth        | |  1.5
Spellcasting   | |  1.3
Summonings     | |  2.9

Action                   |  1- 3 |  4- 6 |  7- 9 | 10-12 | 13-15 | 16-18 | 19-21 | 22-24 || total
-------------------------+-------+-------+-------+-------+-------+-------+-------+-------++-------
Melee: Unarmed           |    20 |       |       |       |       |       |       |       ||    20
       Club              |    16 |       |       |       |       |       |       |       ||    16
       Headbutt          |    16 |    19 |    55 |   164 |   281 |   252 |   319 |   281 ||  1387
       Mace              |    57 |       |       |       |       |       |       |       ||    57
       Hand axe          |    45 |    82 |       |   235 |   157 |    16 |     4 |     4 ||   543
       War axe           |       |   110 |   369 |   513 |  1156 |   343 |       |       ||  2491
       Whip              |       |       |       |    24 |       |       |       |       ||    24
       Broad axe         |       |       |       |       |       |   826 |  1158 |   918 ||  2902
       Bite              |       |       |       |       |       |       |   150 |   184 ||   334
       Pseudopods        |       |       |       |       |       |       |       |   122 ||   122
Throw: Stone             |     8 |       |       |       |       |       |       |       ||     8
Invok: Request Jelly     |       |       |       |       |       |     3 |     7 |     1 ||    11
       Cure Bad Mutation |       |       |       |       |       |     3 |     1 |     2 ||     6
       Slimify           |       |       |       |       |       |       |     3 |     8 ||    11
Evoke: Wand              |       |       |       |     1 |     5 |     2 |       |     5 ||    13
  Use: Scroll            |     3 |     3 |     5 |     9 |    12 |    10 |     6 |    24 ||    72
       Potion            |     2 |     2 |     2 |     1 |     7 |    12 |     5 |    25 ||    56
 Stab: Sleeping          |     2 |       |       |       |     1 |       |       |       ||     3
       Distracted        |       |     1 |       |       |       |     1 |       |       ||     2
       Held in net/web   |       |       |       |       |       |     2 |       |       ||     2
       Confused          |       |       |       |       |       |       |     1 |     9 ||    10
  Eat: Chunk             |     2 |     4 |     1 |    13 |    31 |     9 |       |       ||    60
       Fruit             |     1 |       |     1 |     2 |     1 |     1 |       |       ||     6
       Bread ration      |       |     1 |       |     2 |     3 |     4 |       |       ||    10
       Meat ration       |       |       |     3 |       |     1 |     1 |       |       ||     5
Armor: Robe              |    42 |    31 |       |       |       |       |       |       ||    73
       Chain mail        |       |    70 |   209 |    32 |       |       |       |       ||   311
       Plate armour      |       |       |       |   275 |   385 |   354 |   308 |   160 ||  1482
       Acid dragon scale |       |       |       |       |    22 |   111 |       |       ||   133
       Gold dragon scale |       |       |       |       |       |       |       |   300 ||   300
Dodge: Dodged            |   108 |    96 |   102 |   252 |   642 |   723 |   554 |   615 ||  3092
Block: Other             |       |       |       |    91 |   141 |    27 |       |       ||   259
       Reflection        |       |       |       |     3 |     7 |     7 |       |       ||    17
       Shield            |       |       |       |       |       |   686 |   834 |   721 ||  2241
